AoeStats
← распродаж

African Clearing

504469393Analyzed
4v4 RM · 27d ago on Sep 5, 2026· 32m 8s· 8 players
Game mode
Random Map
Map size
Large (8 player)
Population
200
Speed
Normal
Resources
Standard
Victory
Conquest
Starting age
Dark Age
Ending age
Imperial Age
RankedLock teamsTeams togetherTeam positionsShared explorationLock speedFull tech treeHidden civsTurbo modeCheats
Victory
Defeat
🇨🇳 Muisca · China
1624
+11
🇨🇳 Sicilians · China
1520
+15
🇨🇳 Japanese · China
1508
+16
🇩🇪 Tatars · Germany
1428
+19
🇲🇽 Gurjaras · Mexico
1560
-18
🇭🇰 Berbers · Hong Kong SAR China
1544
-17
🇦🇷 Huns · Argentina
1511
-16
🇹🇼 Magyars · Taiwan
1383
-18
SimmaHem7912
7:10 Loom
11:15 Feudal Age
11:41 Double-Bit Axe
19:53 Castle Age
18:52 Fletching
19:59 Gold Mining
23:06 Horse Collar
26:28 Bloodlines
Politox
8:26 Loom
11:38 Feudal Age
12:06 Double-Bit Axe
12:07 Horse Collar
14:48 Forging
16:04 Fletching
22:37 Castle Age
21:27 Bloodlines
23:34 Scale Barding Armor
24:34 Husbandry
29:32 Chain Barding Armor
tedsu
5:17 Loom
распродаж
14:01 Feudal Age
17:43 Castle Age
16:01 Double-Bit Axe
16:45 Loom
Nexuz
5:54 Loom
11:58 Feudal Age
14:14 Town Watch
15:14 Man-at-Arms
15:55 Man-at-Arms
20:07 Castle Age
18:10 Arson
19:52 Double-Bit Axe
20:49 Fletching
26:21 Pikeman
30:04 Bodkin Arrow
真的很弱
7:16 Loom
16:11 Feudal Age
19:42 Castle Age
18:00 Double-Bit Axe
18:53 Fletching
28:27 Town Watch
31:54 Horse Collar
shenxu
12:39 Feudal Age
13:03 Loom
16:21 Castle Age
16:08 Double-Bit Axe
22:40 Fletching
23:46 Bodkin Arrow
25:07 Horse Collar
30:13 Ballistics
30:29 Wheelbarrow
31:00 Padded Archer Armor
32:43 Leather Archer Armor
雀巢阿帆
11:13 Loom
14:26 Feudal Age
15:11 Double-Bit Axe
15:56 Bloodlines
17:58 Castle Age
17:38 Scale Barding Armor
17:44 Bloodlines
19:32 Husbandry
28:18 Forging
28:44 Wheelbarrow
30:29 Chain Barding Armor
30:39 Gold Mining
32:25 Iron Casting
32:13 Horse Collar
Connection lost

Rejoining the realm…

Still unreachable

The connection could not be restored.

Session expired

The server has moved on; the page needs a fresh start.